 Dungeon Crawl Stone Soup version 0.31-a0-940-gdaa99269f9 (webtiles) character file.

Game seed: 9649990980099030397

13 Ahpoh the Trooper (level 2, -4/23 (25) HPs)
             Began as a Barachi Fighter on Oct 20, 2023.
             Frozen to death by an endoplasm (5 damage)
             ... on level 1 of the Dungeon.
             The game lasted 00:00:50 (201 turns).

Ahpoh the Trooper (Barachi Fighter)                  Turns: 201, Time: 00:00:50

HP:   -4/23 (25)    AC:  7    Str: 17    XL:     2   Next: 37%
MP:   2/2           EV:  9    Int:  8    God:
Gold: 23            SH:  4    Dex: 11    Spells: 1/1 levels left

rFire   . . .        a - +0 long sword
rCold   . . .        c - +0 buckler
rNeg    . . .        b - +0 scale mail
rPois   .            (no helmet)
rElec   .            (no cloak)
rCorr   .            (no gloves)
SInv    .            (no boots)
Will    .....        (no amulet) Stlth
                     (no ring)
HPRegen 0.23/turn    (no ring)
MPRegen 0.08/turn

%: no passive effects
@: drained, slow
A: amphibious, slowness 1, strong legs 1, +LOS
a: Hop


You were on level 1 of the Dungeon.
You visited 1 branch of the dungeon, and saw 1 of its levels.

You collected 23 gold pieces.

Inventory:

Hand Weapons
 a - a +0 long sword (weapon)
Armour
 b - a +0 scale mail (worn)
 c - a +0 buckler (worn)
Scrolls
 f - 2 scrolls of vulnerability {unknown}
Potions
 d - a potion of might
 e - a potion of enlightenment {unknown}
 g - a potion of lignification {unknown}


   Skills:
 * Level 3.9 Fighting
 * Level 2.7 Long Blades
 * Level 3.8 Armour
 * Level 3.5 Shields


You had one spell level left.
You didn't know any spells.
Your spell library was empty.

Dungeon Overview and Level Annotations

Branches:
Dungeon (1/15)

Altars:


Innate Abilities, Weirdness & Mutations

You are amphibious.
You cover ground slowly.
You can hop short distances.
You have an extended range of vision and can be seen from far away.


Message History

The endoplasm jiggles.
The endoplasm completely misses you. The goblin hits you but does no damage.
The endoplasm completely misses you.
You miss the goblin. The bat hits you but does no damage. The bat hits you.
The goblin closely misses you. The endoplasm freezes you.
You are frozen.
You block the bat's attack.
You closely miss the goblin. The bat completely misses you.
You block the goblin's attack.
The endoplasm hits you but does no damage.
The bat hits you but does no damage.
You hit the goblin.
The goblin is severely wounded.
The bat barely misses you. The goblin closely misses you.
You block the endoplasm's attack. The goblin barely misses you.
The endoplasm freezes you.
You are frozen.
You hit the goblin but do no damage.
The goblin is severely wounded.
You block the bat's attack. The bat closely misses you.
The goblin hits you but does no damage. The endoplasm closely misses you.
The bat closely misses you.
You hit the goblin.
You kill the goblin!
The bat hits you. The endoplasm freezes you.
You are frozen.
* * * LOW HITPOINT WARNING * * *
The bat misses you. You block the endoplasm's attack.
You see here a +0 club.
You hit the endoplasm.
The endoplasm is heavily wounded.
The bat hits you but does no damage. The endoplasm freezes you.
You are frozen.
* * * LOW HITPOINT WARNING * * *
The endoplasm freezes you.
You are frozen.
You die...

### #.#####
...###.#...#..
.......#.#.#.#
.......#.#.#.# #
...........#.#.#
...........#.#.#
...........#...#
.........J.#... #
##+###...@.#.###.#
#...b....?..#
#.........###
#.#...........
#..............
######......#####
#......######
.....# #.#.####.#
.....####.#
####.#####


You could see an endoplasm and a bat.

Vanquished Creatures
  2 endoplasms (D:1)
  2 goblins (D:1)
  3 hobgoblins (D:1)
  A kobold (D:1)
  A quokka (D:1)
  A frilled lizard (D:1)
10 creatures vanquished.

Notes
Turn   | Place    | Note
-------+----------+-------------------------------------------
     0 | D:1      | Ahpoh the Barachi Fighter began the quest for the Orb.
     0 | D:1      | Reached XP level 1. HP: 18/18 MP: 1/1
    92 | D:1      | Reached XP level 2. HP: 23/23 MP: 2/2
   201 | D:1      | HP: 1/23 [frozen (5)]
   201 | D:1      | Frozen to death by an endoplasm

Illustrated notes

Levels and vault maps discovered:
D:1:      dpeg_arrival_court, layout_basic, dreamdust_ecumenical_altar_grove,
          chequers_jeans

Action                     || total
---------------------------++-------
  Melee: Long sword        ||    39
 Armour: Scale mail        ||    69
  Dodge: Dodged            ||    43
  Block: Buckler           ||    19

Table legend: (Time is in decaauts)
 A = Elapsed time spent in this place.
 B = Non-inter-level travel time spent in this place.
 C = Inter-level travel time spent in this place.
 D = Time resting spent in this place.
 E = Time spent auto-exploring this place.
 F = Levels seen in this place.
 G = Mean time per level.
                   A        B        C        D        E       F      G
               +--------+--------+--------+--------+--------+-----+--------+
         Total |    243 |    243 |      0 |      0 |     20 |   1 |  243.0 |
       Dungeon |    243 |    243 |      0 |      0 |     20 |   1 |  243.0 |
               +--------+--------+--------+--------+--------+-----+--------+

Top non-repeatable levels by time:
     D:1: 243 daAuts
